TOP OF THE 1ST |
Mahoning Valley Scrappers batting - Pitching for Tri-City ValleyCats : RHP James Browning
|
Pitching: RHP James Browning
|
|
Batting: RHB Ricky Cordova
|
0-0: SINGLE (Flyball, 8RS, EV 89.4 MPH)
|
Batting: RHB Leo Candelas
|
0-0: Called Strike 0-1: Called Strike 0-2: Foul Ball, location: 2F 0-2: Strikes out swinging
|
Batting: LHB Dave Key
|
0-0: Ball Ricky Cordova steals 2nd base 1-0: Called Strike Ricky Cordova steals 3rd, throwing error, E2 Ricky Cordova scores 1-1: Swinging Strike 1-2: Foul Ball, location: 2F 1-2: Ball 2-2: Ground out U3 (Groundball, 34S, EV 80.6 MPH)
|
Batting: RHB John Shaffer
|
0-0: Foul Ball, location: 2F 0-1: Ball 1-1: Ball 2-1: SOLO HOME RUN (Flyball, 9D, EV 95.0 MPH), Distance : 357 ft
|
Batting: RHB Nick Gossman
|
0-0: Called Strike 0-1: Fly out, F9 (Line Drive, 89M, EV 92.5 MPH)
|
Top of the 1st over - 2 runs, 2 hits, 1 error, 0 left on base; Mahoning Valley 2 - Tri-City 0 |
BOTTOM OF THE 1ST |
Tri-City ValleyCats batting - Pitching for Mahoning Valley Scrappers : RHP Josh Hughes
|
Pitching: RHP Josh Hughes
|
|
Batting: RHB Omar Amaya
|
0-0: Called Strike 0-1: Called Strike 0-2: Ball 1-2: Strikes out swinging
|
Batting: LHB Omar Marquez
|
0-0: Ball 1-0: Ball 2-0: Foul Ball, location: 2F 2-1: Foul Ball, location: 2F 2-2: Strikes out swinging
|
Batting: LHB Bruce Arvizu
|
0-0: Ball 1-0: Ball 2-0: SINGLE (Flyball, 7S, EV 90.0 MPH)
|
Batting: RHB Erik Smith
|
0-0: Fly out, F9 (Flyball, 9LM, EV 106.2 MPH)
|
Bottom of the 1st over - 0 runs, 1 hit, 0 errors, 1 left on base; Mahoning Valley 2 - Tri-City 0 |
TOP OF THE 2ND |
Mahoning Valley Scrappers batting - Pitching for Tri-City ValleyCats : RHP James Browning
|
Batting: RHB Aaron Stout
|
0-0: Bunt - Flyout to 15! F1
|
Batting: RHB Justin Young
|
0-0: Ball 1-0: Called Strike 1-1: Ball 2-1: Swinging Strike 2-2: Ground out 6-3 (Groundball, 6, EV 89.4 MPH)
|
Batting: RHB Leo Villa
|
0-0: Ball 1-0: Called Strike 1-1: Fly out, F9 (Flyball, 89D, EV 101.9 MPH)
|
Top of the 2nd over - 0 runs, 0 hits, 0 errors, 0 left on base; Mahoning Valley 2 - Tri-City 0 |
BOTTOM OF THE 2ND |
Tri-City ValleyCats batting - Pitching for Mahoning Valley Scrappers : RHP Josh Hughes
|
Batting: RHB Dinand Brouwer
|
0-0: Ball 1-0: Ball 2-0: Swinging Strike 2-1: Ball 3-1: Ground out 6-3 (Groundball, 56, EV 85.0 MPH)
|
Batting: RHB Steve Moore
|
0-0: Swinging Strike 0-1: Ball 1-1: SINGLE (Line Drive, 8LS, EV 97.5 MPH)
|
Batting: SHB Sean Hill
|
0-0: Swinging Strike 0-1: Called Strike 0-2: Strikes out swinging
|
Batting: RHB J.R. Roberts
|
0-0: Called Strike 0-1: Swinging Strike 0-2: Fielders Choice at 2nd, 6-4 (Groundball, 6, EV 83.1 MPH)
|
Bottom of the 2nd over - 0 runs, 1 hit, 0 errors, 1 left on base; Mahoning Valley 2 - Tri-City 0 |
TOP OF THE 3RD |
Mahoning Valley Scrappers batting - Pitching for Tri-City ValleyCats : RHP James Browning
|
Batting: RHB Juan Ordonez
|
0-0: Called Strike 0-1: Called Strike 0-2: Strikes out looking
|
Batting: RHB Ricky Cordova
|
0-0: Called Strike 0-1: Ball 1-1: Reached on error, E6 (Groundball, 6, EV 81.9 MPH)
|
Batting: RHB Leo Candelas
|
0-0: Ball 1-0: Foul Ball, location: 2F 1-1: Foul Ball, location: 2F 1-2: Strikes out swinging
|
Batting: LHB Dave Key
|
0-0: Fly out, F7 (Flyball, 7S, EV 91.2 MPH)
|
Top of the 3rd over - 0 runs, 0 hits, 1 error, 1 left on base; Mahoning Valley 2 - Tri-City 0 |
BOTTOM OF THE 3RD |
Tri-City ValleyCats batting - Pitching for Mahoning Valley Scrappers : RHP Josh Hughes
|
Batting: RHB Jamie Youngs
|
0-0: Ball 1-0: Called Strike 1-1: Swinging Strike 1-2: Strikes out swinging
|
Batting: RHB Omar Amaya
|
0-0: Swinging Strike 0-1: Bunt missed! 0-2: Foul Ball, location: 2F 0-2: Ball 1-2: Strikes out swinging
|
Batting: LHB Omar Marquez
|
0-0: Called Strike 0-1: Called Strike 0-2: Foul Ball, location: 2F 0-2: Foul Ball, location: 2F 0-2: Ball 1-2: Ball 2-2: Foul Ball, location: 2F 2-2: Ground out 6-3 (Groundball, 6M, EV 81.2 MPH)
|
Bottom of the 3rd over - 0 runs, 0 hits, 0 errors, 0 left on base; Mahoning Valley 2 - Tri-City 0 |
TOP OF THE 4TH |
Mahoning Valley Scrappers batting - Pitching for Tri-City ValleyCats : RHP James Browning
|
Batting: RHB John Shaffer
|
0-0: Ball 1-0: Ball 2-0: Foul Ball, location: 2F 2-1: Ball 3-1: Base on Balls
|
Batting: RHB Nick Gossman
|
0-0: Called Strike 0-1: Ball 1-1: Foul Ball, location: 2F 1-2: Ball 2-2: Strikes out swinging
|
Batting: RHB Aaron Stout
|
0-0: Fly out, F8 (Flyball, 8RM, EV 88.8 MPH)
|
Batting: RHB Justin Young
|
0-0: Foul Ball, location: 2F 0-1: Swinging Strike 0-2: Foul Ball, location: 2F 0-2: Foul Ball, location: 2F 0-2: Ball 1-2: Strikes out swinging
|
Top of the 4th over - 0 runs, 0 hits, 0 errors, 1 left on base; Mahoning Valley 2 - Tri-City 0 |
BOTTOM OF THE 4TH |
Tri-City ValleyCats batting - Pitching for Mahoning Valley Scrappers : RHP Josh Hughes
|
Batting: LHB Bruce Arvizu
|
0-0: Ball 1-0: Called Strike 1-1: Called Strike 1-2: Fly out, F8 (Flyball, 8LM, EV 88.8 MPH)
|
Batting: RHB Erik Smith
|
0-0: Ground out 5-3 (Groundball, 5, EV 90.6 MPH)
|
Batting: RHB Dinand Brouwer
|
0-0: Ball 1-0: DOUBLE (Flyball, 78D, EV 108.1 MPH)
|
Batting: RHB Steve Moore
|
0-0: Ball 1-0: Called Strike 1-1: Foul Ball, location: 2F 1-2: Fly out, F7 (Flyball, 7D, EV 100.6 MPH)
|
Bottom of the 4th over - 0 runs, 1 hit, 0 errors, 1 left on base; Mahoning Valley 2 - Tri-City 0 |
TOP OF THE 5TH |
Mahoning Valley Scrappers batting - Pitching for Tri-City ValleyCats : RHP James Browning
|
Batting: RHB Leo Villa
|
0-0: Called Strike 0-1: Foul Ball, location: 2F 0-2: Strikes out looking
|
Batting: RHB Juan Ordonez
|
0-0: Foul Ball, location: 2F 0-1: Ball 1-1: Ground out 4-3 (Groundball, 4, EV 81.2 MPH)
|
Batting: RHB Ricky Cordova
|
0-0: Foul Ball, location: 2F 0-1: Foul Ball, location: 2F 0-2: Foul Ball, location: 2F 0-2: Ball 1-2: Ball 2-2: Ball 3-2: Ground out 4-3 (Groundball, 4, EV 96.2 MPH)
|
Top of the 5th over - 0 runs, 0 hits, 0 errors, 0 left on base; Mahoning Valley 2 - Tri-City 0 |
BOTTOM OF THE 5TH |
Tri-City ValleyCats batting - Pitching for Mahoning Valley Scrappers : RHP Josh Hughes
|
Batting: SHB Sean Hill
|
0-0: Foul Ball, location: 2F 0-1: Foul Ball, location: 2F 0-2: SINGLE (Groundball, 34D, EV 105.6 MPH)
|
Batting: RHB J.R. Roberts
|
0-0: Swinging Strike 0-1: Swinging Strike 0-2: Ball 1-2: Ball 2-2: Fly out, F8 (Flyball, 8LM, EV 72.5 MPH)
|
Batting: RHB Jamie Youngs
|
0-0: Ball 1-0: Grounds into double play, 4-6-3 (Groundball, 4S, EV 78.8 MPH)
|
Bottom of the 5th over - 0 runs, 1 hit, 0 errors, 0 left on base; Mahoning Valley 2 - Tri-City 0 |
TOP OF THE 6TH |
Mahoning Valley Scrappers batting - Pitching for Tri-City ValleyCats : RHP James Browning
|
Batting: RHB Leo Candelas
|
0-0: Ball 1-0: Ball 2-0: Called Strike 2-1: Swinging Strike 2-2: Foul Ball, location: 2F 2-2: Foul Ball, location: 2F 2-2: Strikes out swinging
|
Pitching: RHP Addick Huiberts
|
|
Batting: LHB Dave Key
|
0-0: Ball 1-0: Ground out 4-3 (Groundball, 4M, EV 104.4 MPH)
|
Batting: RHB John Shaffer
|
0-0: Swinging Strike 0-1: SINGLE (Groundball, 6MD, EV 103.8 MPH)
|
Batting: RHB Nick Gossman
|
0-0: Swinging Strike 0-1: Ball 1-1: Ball 2-1: Called Strike 2-2: Strikes out swinging
|
Top of the 6th over - 0 runs, 1 hit, 0 errors, 1 left on base; Mahoning Valley 2 - Tri-City 0 |
BOTTOM OF THE 6TH |
Tri-City ValleyCats batting - Pitching for Mahoning Valley Scrappers : RHP Josh Hughes
|
Batting: RHB Omar Amaya
|
0-0: Ball 1-0: Foul Ball, location: 2F 1-1: Called Strike 1-2: Ground out 6-3 (Groundball, 6, EV 84.4 MPH)
|
Batting: LHB Omar Marquez
|
0-0: Called Strike 0-1: Swinging Strike 0-2: Foul Ball, location: 2F 0-2: Ball 1-2: Ball 2-2: Strikes out looking
|
Batting: LHB Bruce Arvizu
|
0-0: Foul Ball, location: 2F 0-1: Called Strike 0-2: Foul Ball, location: 2F 0-2: Strikes out swinging
|
Bottom of the 6th over - 0 runs, 0 hits, 0 errors, 0 left on base; Mahoning Valley 2 - Tri-City 0 |
TOP OF THE 7TH |
Mahoning Valley Scrappers batting - Pitching for Tri-City ValleyCats : RHP Addick Huiberts
|
Batting: RHB Aaron Stout
|
0-0: Ball 1-0: Called Strike 1-1: Ball 2-1: Ground out 6-3 (Groundball, 6, EV 85.0 MPH)
|
Batting: RHB Justin Young
|
0-0: Ball 1-0: Ball 2-0: Ball 3-0: Base on Balls
|
Batting: RHB Leo Villa
|
0-0: Ball 1-0: DOUBLE (Line Drive, 89D, EV 105.0 MPH) Justin Young to third Runner from 3rd tries for Home, throw by CF and OUT! 8-4-2 Leo Villa to third
|
Batting: RHB Juan Ordonez
|
0-0: Ball 1-0: Called Strike 1-1: Swinging Strike 1-2: Strikes out swinging
|
Top of the 7th over - 0 runs, 1 hit, 0 errors, 1 left on base; Mahoning Valley 2 - Tri-City 0 |
BOTTOM OF THE 7TH |
Tri-City ValleyCats batting - Pitching for Mahoning Valley Scrappers : RHP Josh Hughes
|
Now in RF: Jaquan Brown
|
|
Batting: RHB Erik Smith
|
0-0: Fly out, F2 (Popup, 25F, EV 86.2 MPH)
|
Batting: RHB Dinand Brouwer
|
0-0: Ball 1-0: Ball 2-0: Called Strike 2-1: Ball 3-1: Swinging Strike 3-2: Foul Ball, location: 2F 3-2: Foul Ball, location: 2F 3-2: Base on Balls
|
Batting: RHB Steve Moore
|
0-0: Ball 1-0: Called Strike 1-1: Called Strike 1-2: Strikes out swinging
|
Batting: SHB Sean Hill
|
0-0: Ball 1-0: Called Strike 1-1: Ball 2-1: SINGLE (Groundball, 3D, EV 95.6 MPH) Dinand Brouwer to second Runner from 2nd tries for 3rd, SAFE, throw by RF made to third
|
Batting: RHB J.R. Roberts
|
0-0: Called Strike 0-1: Foul Ball, location: 2F 0-2: Strikes out swinging
|
Bottom of the 7th over - 0 runs, 1 hit, 0 errors, 2 left on base; Mahoning Valley 2 - Tri-City 0 |
TOP OF THE 8TH |
Mahoning Valley Scrappers batting - Pitching for Tri-City ValleyCats : RHP Addick Huiberts
|
Batting: RHB Ricky Cordova
|
0-0: Called Strike 0-1: Foul Ball, location: 2F 0-2: Ball 1-2: Ball 2-2: Ball 3-2: Base on Balls
|
Pitching: LHP Ruben Rojas
|
|
Batting: RHB Leo Candelas
|
0-0: Ball 1-0: Ball 2-0: Ball 3-0: Base on Balls Ricky Cordova to second
|
Batting: LHB Dave Key
|
0-0: SINGLE (Groundball, 6MD, EV 105.6 MPH) Ricky Cordova to third Leo Candelas to second Runner from 3rd tries for Home, SAFE, throw by CF to home
|
Batting: RHB John Shaffer
|
0-0: Called Strike 0-1: Ball 1-1: Ball 2-1: Foul Ball, location: 2F 2-2: Foul Ball, location: 2F 2-2: Ball 3-2: Foul Ball, location: 2F 3-2: Base on Balls Leo Candelas to third Dave Key to second
|
Batting: RHB Nick Gossman
|
0-0: Grounds into fielders choice 5-2 (Groundball, 56S, EV 78.1 MPH) Dave Key to third John Shaffer to second
|
Batting: RHB Aaron Stout
|
0-0: Foul Ball, location: 2F 0-1: Ball 1-1: GRAND SLAM HOME RUN (Flyball, 78XD, EV 103.8 MPH), Distance : 426 ft
|
Batting: RHB Justin Young
|
0-0: Ball 1-0: Foul Ball, location: 2F 1-1: Ball 2-1: DOUBLE (Line Drive, 3D, EV 103.1 MPH)
|
Pitching: RHP Ryan Hoagland
|
|
Batting: RHB Jaquan Brown
|
0-0: Fly out, F8 (Flyball, 8RXD, EV 91.9 MPH)
|
Pinch Hitting: RHB Kevin Wiles
|
0-0: Called Strike 0-1: Foul Ball, location: 2F 0-2: Ground out 6-3 (Groundball, 6, EV 81.2 MPH)
|
Top of the 8th over - 5 runs, 3 hits, 0 errors, 1 left on base; Mahoning Valley 7 - Tri-City 0 |
BOTTOM OF THE 8TH |
Tri-City ValleyCats batting - Pitching for Mahoning Valley Scrappers : RHP Josh Hughes
|
Now in LF: Jesus Montana
|
|
Now in CF: Ricky Cordova
|
|
Batting: RHB Jamie Youngs
|
0-0: Called Strike 0-1: SINGLE (Flyball, 34D, EV 83.1 MPH)
|
Batting: RHB Omar Amaya
|
0-0: Called Strike 0-1: SINGLE (Groundball, 56D, EV 98.8 MPH) Jamie Youngs to second
|
Batting: LHB Omar Marquez
|
0-0: Called Strike 0-1: Foul Ball, location: 2F 0-2: Hit by Pitch Jamie Youngs to third Omar Amaya to second
|
Pinch Hitting: RHB Juan Mendoza
|
0-0: Called Strike 0-1: Foul Ball, location: 2F 0-2: Foul Ball, location: 2F 0-2: Foul Ball, location: 2F 0-2: Ball 1-2: Grounds into double play, 6-4-3 (Groundball, 6, EV 90.0 MPH) Jamie Youngs scores Omar Amaya to third
|
Pitching: RHP Mike Borell
|
|
Batting: RHB Erik Smith
|
0-0: Ball 1-0: SINGLE (Groundball, 56D, EV 98.1 MPH) Omar Amaya scores
|
Batting: RHB Dinand Brouwer
|
0-0: Foul Ball, location: 2F 0-1: Ball 1-1: Foul Ball, location: 2F 1-2: Ball 2-2: Strikes out swinging
|
Bottom of the 8th over - 2 runs, 3 hits, 0 errors, 1 left on base; Mahoning Valley 7 - Tri-City 2 |
TOP OF THE 9TH |
Mahoning Valley Scrappers batting - Pitching for Tri-City ValleyCats : RHP Ryan Hoagland
|
Now in RF: Juan Mendoza
|
|
Batting: RHB Ricky Cordova
|
0-0: Foul Ball, location: 2F 0-1: Ground out 6-3 (Groundball, 6, EV 86.9 MPH)
|
Batting: RHB Leo Candelas
|
0-0: Called Strike 0-1: Ball 1-1: Foul Ball, location: 2F 1-2: Ball 2-2: Ball 3-2: Hit by Pitch
|
Batting: LHB Dave Key
|
0-0: Ball Leo Candelas steals 2nd base 1-0: Hit by Pitch
|
Batting: RHB John Shaffer
|
0-0: Ball 1-0: DOUBLE (Line Drive, 89XD, EV 106.2 MPH) Leo Candelas scores Dave Key to third Runner from 3rd tries for Home, SAFE, throw by RF to trailing runner, SAFE at third!
|
Batting: RHB Nick Gossman
|
0-0: Ball 1-0: Called Strike 1-1: Fly out, F9 (Flyball, 89M, EV 91.9 MPH)
|
Batting: RHB Aaron Stout
|
0-0: Ball 1-0: Called Strike 1-1: SINGLE (Groundball, 6D, EV 103.1 MPH) John Shaffer scores
|
Batting: RHB Justin Young
|
0-0: Called Strike 0-1: Swinging Strike 0-2: Fly out, F9 (Flyball, 89M, EV 83.1 MPH)
|
Top of the 9th over - 3 runs, 2 hits, 0 errors, 1 left on base; Mahoning Valley 10 - Tri-City 2 |
BOTTOM OF THE 9TH |
Tri-City ValleyCats batting - Pitching for Mahoning Valley Scrappers : RHP Mike Borell
|
Batting: RHB Steve Moore
|
0-0: Called Strike 0-1: Swinging Strike 0-2: Ball 1-2: Foul Ball, location: 2F 1-2: Foul Ball, location: 2F 1-2: Strikes out swinging
|
Batting: SHB Sean Hill
|
0-0: Ball 1-0: Ball 2-0: Called Strike 2-1: DOUBLE (Line Drive, 9LD, EV 102.5 MPH)
|
Batting: RHB J.R. Roberts
|
0-0: Ball 1-0: Called Strike 1-1: Called Strike 1-2: Strikes out swinging
|
Pinch Hitting: RHB Darius Mitchell
|
0-0: Ball 1-0: Ball 2-0: Ground out 6-3 (Groundball, 6, EV 86.9 MPH)
|
Bottom of the 9th over - 0 runs, 1 hit, 0 errors, 1 left on base; Mahoning Valley 10 - Tri-City 2 |
|